 Dungeon Crawl Stone Soup version 0.27.1-2-g3b301248ec (webtiles) character file.

Game seed: 6802534364358594118

21669 mediusvir the Severer (level 12, -12/168 HPs)
             Began as a Minotaur Berserker on Sept 23, 2021.
             Was a High Priest of Trog.
             Mangled by a skeletal warrior (21 damage)
             ... led by a death knight
             ... on level 13 of the Dungeon.
             The game lasted 00:43:19 (17735 turns).

mediusvir the Severer (Minotaur Berserker)         Turns: 17735, Time: 00:43:20

Health: -12/168    AC: 21    Str: 27    XL:     12   Next: 56%
Magic:  11/11      EV:  9    Int:  4    God:    Trog [*****.]
Gold:   505        SH:  0    Dex: 10    Spells: 11/11 levels left

rFire    . . .     SeeInvis .   I - +5 war axe (flame)
rCold    . . .     Faith    .   (no shield)
rNeg     . . .     Spirit   .   L - +2 plate armour
rPois    +         Reflect  .   (helmet restricted)
rElec    .         Harm     .   (no cloak)
rCorr    .         Rampage  .   b - +0 pair of gloves
Will     .....                  c - +0 pair of boots
Stlth    ..........             (no amulet)
HPRegen  0.38/turn              J - ring of poison resistance
MPRegen  0.12/turn              y - +4 ring of slaying

@: berserking, very quick
A: horns 2, retaliatory headbutt
a: Renounce Religion, Berserk, Trog's Hand, Brothers in Arms


You were on level 13 of the Dungeon.
You worshipped Trog.
Trog was extremely pleased with you.
You visited 1 branch of the dungeon, and saw 13 of its levels.
You also visited: Sewer.

You collected 505 gold pieces.

Inventory:

Hand Weapons
 I - a +5 war axe of flaming (weapon)
Missiles
 r - 4 throwing nets
Armour
 b - a +0 pair of gloves (worn)
 c - a +0 pair of boots (worn)
 L - a +2 plate armour (worn)
Jewellery
 a - a ring of protection from fire
 n - a ring of ice
 y - a +4 ring of slaying (right hand)
 C - a ring of willpower
 E - a ring of fire
 J - a ring of poison resistance (left hand)
Wands
 j - a wand of mindburst (14)
 l - a wand of polymorph (6)
 s - a wand of flame (25)
 u - a wand of iceblast (6)
 w - a wand of acid (16)
 A - a wand of paralysis (13)
 F - a wand of digging (6)
Scrolls
 d - 3 scrolls of amnesia
 e - 7 scrolls of identify
 i - 3 scrolls of immolation
 q - 3 scrolls of magic mapping
 t - 2 scrolls of acquirement
 v - a scroll of noise
 z - a scroll of blinking
 G - a scroll of fear
 H - a scroll of teleportation
Potions
 f - a potion of berserk rage
 g - 2 potions of degeneration
 h - 3 potions of cancellation
 m - 3 potions of lignification
 o - a potion of magic
 p - 2 potions of heal wounds
 x - 5 potions of curing
 B - 2 potions of might
 D - a potion of brilliance
 K - a potion of resistance
Miscellaneous
 k - a piece from Xom's chessboard (15/15)


   Skills:
 + Level 11.9 Fighting
 + Level 15.5 Axes
 + Level 13.9 Armour
 + Level 5.4 Dodging
 + Level 3.1 Stealth


You had 11 spell levels left.
You didn't know any spells.
Your spell library was empty.

Dungeon Overview and Level Annotations

Branches:
Dungeon (13/15)            Temple (0/1) D:4           Sewer (visited)
   Lair: D:8-11         Orc: D:9-12      Vaults: D:13-14

Altars:
Cheibriados
Elyvilon
Hepliaklqana
Nemelex Xobeh
Okawaru
Sif Muna
Trog
Wu Jian
Xom
Yredelemnul
Zin
The Shining One


Innate Abilities, Weirdness & Mutations

You have a pair of horns on your head.
You reflexively headbutt those who attack you in melee.


Message History

The centaur warrior kicks you but does no damage.
Your plate armour prevents you from hitting the death knight.
You slash the centaur warrior! You burn the centaur warrior.
The death knight hits you but does no damage.
The skeletal warrior hits you but does no damage.
You slice the death knight!! You burn the death knight.
You headbutt the death knight!
The death knight is heavily wounded.
You slash the centaur warrior! You burn the centaur warrior.
The centaur warrior hits you. The centaur warrior kicks you.
You slash the death knight! You burn the death knight.
Your headbutt misses the death knight.
The death knight is severely wounded.
You slash the centaur warrior! You burn the centaur warrior.
The death knight offers itself to Yredelemnul, and fills with unholy energy.
The skeletal warrior hits you from afar with a +0 trident!
* * * LOW HITPOINT WARNING * * *
The centaur warrior hits you.
* * * LOW HITPOINT WARNING * * *
The centaur warrior kicks you but does no damage.
You closely miss the death knight. You headbutt the death knight!
The death knight is almost dead.
You slash the centaur warrior! You burn the centaur warrior.
You kill the centaur warrior!
Trog accepts your kill.
The death knight reflects your damage back at you!
* * * LOW HITPOINT WARNING * * *
You slice the death knight!! You burn the death knight.
You kill the death knight!
Trog accepts your kill.
Your damage is reflected back at you!
* * * LOW HITPOINT WARNING * * *
The skeletal warrior hits you from afar with a +0 trident!
* * * LOW HITPOINT WARNING * * *
Things that are here:
a +0 great mace; a +0 plate armour You are too berserk!
You feel a strong urge to attack something.
The skeletal warrior hits you from afar with a +0 trident!!
You die...

....###.. #...p..
........# #..T..
....##### #....
....# #.c. ....#
#c## #.### #zW# #.#
##z## #.# #))# ..#
##@# '#####
#######'## .....#
#.......)#
..^..#####........#
.....#...'........+
.....'.###........#
.....### ##########
##+###


You could see 2 skeletal warriors, a freezing wraith and 2 centaurs.

Vanquished Creatures
  The ghost of Cooqonn the Thaumaturge, a journeyman DsVM of Kikubaaqudgha (D:12)
  Harold (D:7)
  A boulder beetle (D:11)
  A hydra (D:12)
  2 centaur warriors
  A death knight (D:13)
  3 two-headed ogres
  2 manticores
  3 ugly things
  4 cyclopes
  Maggie (D:10)
  A freezing wraith (D:11)
  2 unseen horrors
  3 kobold demonologists (D:12)
  A hornet (D:9)
  A slime creature (D:11)
  3 wraiths
  Sigmund (D:3)
  21 yaks
  A shadow (D:11)
  Grum (D:11)
  A steam dragon (D:8)
  A vampire mosquito (D:11)
  Menkaure (D:4)
  4 orc warriors
  Duvessa (D:4)
  2 ice beasts
  A sky beast (D:8)
  2 black bears
  5 necrophages
  An ogre (D:4)
  3 wolves (D:11)
  8 centaurs
  10 kobold brigands
  5 bullfrogs
  2 gnoll sergeants
  3 scorpions
  Dowan (D:4)
  A water moccasin skeleton (D:5)
  3 killer bees (D:9)
  A wight (D:8)
  4 howler monkeys
  An electric eel (D:10)
  6 centaur zombies
  5 orc priests
  A bullfrog skeleton (D:6)
  4 hounds
  An iron imp (D:8)
  An iguana (D:4)
  3 orc wizards
  2 killer bee zombies
  A hound skeleton (D:5)
  A mummy (D:8)
  Robin (D:4)
  18 gnolls
  6 adders
  A shadow imp (D:8)
  3 white imps
  An ufetubus (D:5)
  2 worms (D:2)
  An adder skeleton (D:3)
  3 dart slugs
  19 orcs
  11 ball pythons
  6 bats
  5 endoplasms
  2 giant cockroaches (D:3)
  15 goblins
  7 hobgoblins
  3 jackals
  A quokka (D:2)
  A frilled lizard (D:3)
  14 kobolds
  4 rats (D:3)
265 creatures vanquished.

Vanquished Creatures (others)
  A centaur (D:5)
  An iguana (D:5)
  2 adders (D:5)
  5 fungi
  11 plants
  A withered plant (D:1)
21 creatures vanquished.

Grand Total: 286 creatures vanquished

Notes
Turn   | Place    | Note
-------+----------+-------------------------------------------
     0 | D:1      | mediusvir the Minotaur Berserker began the quest for the
                  | Orb.
     0 | D:1      | Reached XP level 1. HP: 19/19 MP: 0/0
    10 | D:1      | Found a faded altar of an unknown god.
    92 | D:1      | Reached skill level 4 in Axes
    92 | D:1      | Reached XP level 2. HP: 20/27 MP: 1/1
  1291 | D:2      | Reached XP level 3. HP: 29/33 MP: 2/2
  1411 | D:2      | Reached ** piety under Trog
  1737 | D:3      | Reached XP level 4. HP: 29/41 MP: 3/3
  1836 | D:3      | Found a glowing drain.
  1858 | Sewer    | Entered a sewer
  2200 | D:3      | Reached skill level 5 in Axes
  2628 | D:3      | You fall into a shaft and drop 2 floors!
  2628 | D:5      | Entered Level 5 of the Dungeon
  2634 | D:5      | Killed a centaur
  2698 | D:4      | Noticed an ogre
  2707 | D:4      | Killed an ogre
  2708 | D:4      | Reached XP level 5. HP: 47/47 MP: 4/4
  2780 | D:4      | Noticed Menkaure
  2790 | D:4      | Killed Menkaure
  2791 | D:4      | Reached skill level 1 in Stealth
  2791 | D:4      | Reached XP level 6. HP: 17/55 MP: 5/5
  3088 | D:4      | Reached skill level 5 in Fighting
  3104 | D:4      | Noticed Duvessa
  3105 | D:4      | Noticed Dowan
  3109 | D:4      | Killed Duvessa
  3110 | D:4      | Reached skill level 6 in Axes
  3110 | D:4      | Reached skill level 5 in Armour
  3111 | D:4      | Killed Dowan
  3163 | D:4      | Reached XP level 7. HP: 34/61 MP: 6/6
  3470 | D:4      | Noticed Robin
  3482 | D:4      | Killed Robin
  3592 | D:4      | Reached *** piety under Trog
  3897 | D:4      | Reached skill level 7 in Axes
  4252 | D:3      | Noticed Sigmund
  4260 | D:3      | Killed Sigmund
  4261 | D:3      | Reached XP level 8. HP: 70/70 MP: 7/7
  4353 | D:3      | Found a glowing silver altar of Zin.
  4568 | D:4      | Found a staircase to the Ecumenical Temple.
  4801 | D:5      | Reached skill level 8 in Axes
  5309 | D:5      | Found a shimmering altar of Xom.
  5742 | D:6      | Found a white marble altar of Elyvilon.
  5806 | D:6      | Found a hazy altar of Hepliaklqana.
  6044 | D:6      | Found an ornate altar of the Wu Jian Council.
  6100 | D:6      | Reached skill level 9 in Axes
  6325 | D:7      | Reached **** piety under Trog
  6328 | D:7      | Reached XP level 9. HP: 72/79 MP: 8/8
  7068 | D:7      | Noticed Harold
  7076 | D:7      | Killed Harold
  7077 | D:7      | Reached skill level 10 in Axes
  7418 | D:8      | Reached skill level 11 in Axes
  7423 | D:8      | Reached skill level 10 in Armour
  7423 | D:8      | Reached XP level 10. HP: 42/90 MP: 9/9
  8543 | D:8      | Found a snail-covered altar of Cheibriados.
  8968 | D:9      | Noticed a two-headed ogre
  8979 | D:9      | Killed a two-headed ogre
  9182 | D:9      | Identified a scroll of acquirement
  9293 | D:9      | Reached skill level 12 in Axes
  9294 | D:9      | Paralysed by a hornet for 2 turns
  9306 | D:9      | Noticed a two-headed ogre
  9323 | D:9      | Killed a two-headed ogre
  9623 | D:9      | Identified the +8 scimitar "Meppim" {drain, Drain Dex+3
                  | SInv}
 10767 | D:10     | Entered Level 10 of the Dungeon
 10830 | D:10     | Found an iron altar of Okawaru.
 10850 | D:10     | Found a sparkling altar of Nemelex Xobeh.
 10869 | D:10     | Noticed Maggie
 10879 | D:10     | Killed Maggie
 11053 | D:10     | Reached XP level 11. HP: 79/92 MP: 10/10
 11334 | D:10     | Reached skill level 13 in Axes
 11619 | D:10     | Reached ***** piety under Trog
 11646 | D:10     | Found a bloodstained altar of Trog.
 12353 | D:10     | Found a glowing golden altar of the Shining One.
 12355 | D:10     | Noticed an angel
 12368 | D:10     | Found a basalt altar of Yredelemnul.
 12370 | D:10     | Noticed a profane servitor
 12399 | D:10     | Reached skill level 10 in Fighting
 13390 | D:11     | Noticed a white ugly thing
 13398 | D:11     | Killed a white ugly thing
 13402 | D:11     | Noticed a centaur warrior
 13420 | D:11     | Killed a centaur warrior
 13421 | D:11     | Reached skill level 5 in Dodging
 13421 | D:11     | Found a shimmering blue altar of Sif Muna.
 13428 | D:11     | Noticed a boulder beetle
 13439 | D:11     | Killed a boulder beetle
 13440 | D:11     | Reached skill level 14 in Axes
 13736 | D:11     | Noticed a two-headed ogre
 13747 | D:11     | Killed a two-headed ogre
 14140 | D:11     | Noticed Grum
 14152 | D:11     | Killed Grum
 14838 | D:12     | Found a runed translucent gate.
 14838 | D:12     | Found a runed translucent gate.
 14839 | D:12     | Noticed Cooqonn's ghost (journeyman DsVM)
 14839 | D:12     | Found a runed translucent gate.
 14845 | D:12     | Noticed a green ugly thing
 14851 | D:12     | Killed a green ugly thing
 14852 | D:12     | Reached XP level 12. HP: 100/110 MP: 11/11
 15415 | D:12     | Noticed a six-headed hydra
 15423 | D:12     | Killed a four-headed hydra
 15424 | D:12     | Reached skill level 15 in Axes
 15598 | D:12     | Identified the +2 chain mail "Jimmiketwi" {rPois rC+
                  | Will+++ Slay-5}
 17182 | D:12     | Killed Cooqonn's ghost
 17715 | D:13     | Noticed a centaur warrior
 17715 | D:13     | Noticed a death knight
 17732 | D:13     | Killed a centaur warrior
 17733 | D:13     | Killed a death knight
 17735 | D:13     | Mangled by a skeletal warrior

Illustrated notes

Levels and vault maps discovered:
D:1:      dpeg_arrival_fog, layout_basic, ebering_ecumenical_altar_petrified,
          st_stairs_5, minivault_4, grunt_decor_clamped
D:2:      layout_loops_cross
D:3:      layout_loops_ring, nicolae_ru_the_path_less_chosen,
          mainiacjoe_overflow_alcove_4, portal_sewer_entry_e, uniq_sigmund
D:4:      layout_loops_corners, temple_hall, uniq_duvessa, uniq_menkaure,
          uniq_robin
D:5:      layout_cave_pools, xom_confusion_cloud, chequers_ossuary_entry_cave
D:6:      layout_basic, eat_drink_and_be_merry_uskayaw, lemuel_crystal_altar,
          nzn_wu_jian_contemplation, nicolae_overflow_crystal_walls,
          biasface_ghost_orc_armoury
D:7:      layout_gridville, uniq_harold
D:8:      layout_loops_corners, slow_altar_2, serial_undead, serial_undead_a,
          serial_undead_e, serial_undead_a, serial_undead_d
D:9:      layout_basic, grunt_lair_entry_orc_guard_hut, minivault_26
D:10:     layout_basic, grunt_temple_overflow_holy_war,
          mainiacjoe_overflow_catwalk_spiral, mainiacjoe_overflow_24_doors,
          orc_0_dummy, kennysheep_boxes, uniq_erica, uniq_maggie
D:11:     layout_basic, minmay_ruined_shrine, uniq_grum
D:12:     layout_roguey, gammafunk_ghost_nasty_kobolds
D:13:     layout_roguey, ximxim_vaults_locker_room, uniq_josephine

Skill      XL: |  1  2  3  4  5  6  7  8  9 10 11 12 |
---------------+-------------------------------------+-----
Axes           | 4 5 6 7 9 11 12 14 15 | 15.5
Fighting       | 4 5 6 7 8 9 11 | 11.9
Armour         | 3 4 5 6 8 10 11 13 | 13.9
Dodging        | 3 4 5 |  5.4
Stealth        | 1 2 3 |  3.1

Action                   |  1- 3 |  4- 6 |  7- 9 | 10-12 || total
-------------------------+-------+-------+-------+-------++-------
Melee: Hand axe          |    74 |    52 |   163 |       ||   289
       Headbutt          |    14 |    10 |    44 |    64 ||   132
       War axe           |       |       |    40 |   284 ||   324
Invok: Berserk           |       |     5 |     6 |    10 ||    21
       Trog's Hand       |       |       |       |     1 ||     1
  Use: Scroll            |     1 |       |     8 |    13 ||    22
       Potion            |       |       |     4 |     1 ||     5
Armor: Leather armour    |     8 |       |       |       ||     8
       Animal skin       |     1 |       |       |       ||     1
       Ring mail         |     8 |       |       |       ||     8
       Chain mail        |     6 |    35 |   163 |   136 ||   340
       Plate armour      |       |       |       |    48 ||    48
Dodge: Dodged            |    50 |    36 |   137 |   139 ||   362
